 Dungeon Crawl Stone Soup version 0.28.0-45-g0d030f2227 (webtiles) character file.

Game seed: 13821742268038073595

2110 safid the Cleaver (level 9, -1/71 HPs)
             Began as a Hill Orc Fighter on Apr 1, 2022.
             Was a Follower of Beogh.
             Slain by a killer bee (7 damage)
             ... on level 7 of the Dungeon on Apr 2, 2022.
             The game lasted 00:10:52 (8534 turns).

safid the Cleaver (Hill Orc Fighter)                Turns: 8534, Time: 00:10:52

Health: -1/71      AC:  9    Str: 23    XL:     9   Next: 28%
Magic:  9/9        EV:  9    Int:  8    God:    Beogh [*.....]
Gold:   436        SH:  4    Dex: 10    Spells: 8/8 levels left

rFire   . . .      SeeInvis .   a - +0 war axe
rCold   . . .      Faith    .   c - +0 buckler
rNeg    + . .      Spirit   .   b - +0 scale mail
rPois   .          Reflect  .   j - +0 helmet
rElec   .          Harm     .   o - +0 cloak
rCorr   .          Rampage  .   (no gloves)
Will    .....                   (no boots)
Stlth   ..........              (no amulet)
HPRegen 0.21/turn               A - ring of positive energy
MPRegen 0.11/turn               (no ring)

@: lethally poisoned (-1 -> -17)
A: no striking features
a: Renounce Religion


You were on level 7 of the Dungeon.
You worshipped Beogh.
Beogh was aware of your devotion.
You visited 1 branch of the dungeon, and saw 7 of its levels.

You collected 436 gold pieces.

Inventory:

Hand Weapons
 a - a +0 war axe (weapon)
Missiles
 k - 18 poisoned darts (quivered)
 n - 4 throwing nets
 x - 5 javelins
Armour
 b - a +0 scale mail (worn)
 c - a +0 buckler (worn)
 j - a +0 helmet (worn)
 o - a +0 cloak (worn)
Jewellery
 r - a ring of fire
 s - a ring of wizardry
 A - a ring of positive energy (left hand)
Wands
 v - a wand of flame (8)
Scrolls
 f - a scroll of brand weapon {unknown}
 h - 2 scrolls of teleportation {unknown}
 i - 2 scrolls of enchant weapon {unknown}
 l - 3 scrolls of fog
 q - 2 scrolls of enchant armour
 t - a scroll of noise {unknown}
 u - 2 scrolls of silence {unknown}
 w - a scroll of immolation {unknown}
 y - 2 scrolls of blinking {unknown}
 B - a scroll of holy word {unknown}
 C - a scroll of vulnerability {unknown}
Potions
 d - a potion of attraction {unknown}
 g - 3 potions of flight
 m - a potion of ambrosia {unknown}
 p - 4 potions of curing
 z - a potion of magic {unknown}


   Skills:
 - Level 4.0 Fighting
 + Level 14.9 Axes
 - Level 4.0 Armour
 - Level 4.0 Shields


You had 8 spell levels left.
You didn't know any spells.
Your spell library contained the following spells:

 Spells                   Type           Power      Damage    Failure   Level
 Shock                    Conj/Air       0%         1d3       80%         1
 Ensorcelled Hibernation  Hex/Ice        0%         N/A       91%         2
 Passwall                 Tmut/Erth      0%         N/A       91%         2
 Call Canine Familiar     Summ           0%         N/A       99%         3
 Portal Projectile        Hex/Tloc       0%         N/A       99%         3
 Swiftness                Air            0%         N/A       99%         3
 Airstrike                Air            0%         N/A       100%        4
 Cause Fear               Hex            0%         N/A       100%        4
 Leda's Liquefaction      Hex/Erth       0%         N/A       100%        4
 Dragon Form              Tmut           0%         N/A       100%        7
 Dragon's Call            Summ           0%         N/A       100%        9


Dungeon Overview and Level Annotations

Branches:
Dungeon (7/15)             Temple (0/1) D:6

Altars:
Cheibriados
Gozag
Kikubaaqudgha
Nemelex Xobeh
Okawaru
Qazlal
Yredelemnul

Annotations:
D:7 1 transporter


Message History

You are more poisoned.
The killer bee poisons you! The killer bee stings you.
* * * LOW HITPOINT WARNING * * *
The killer bee stings you but does no damage.
The killer bee completely misses you.
The killer bee stings you but does no damage.
The killer bee closely misses you. The killer bee barely misses you.
You block the killer bee's attack.
It was a potion of curing.
You feel better. The killer bee barely misses you. x2
The killer bee closely misses you. The killer bee stings you.
* * * LOW HITPOINT WARNING * * *
You are poisoned.
The killer bee poisons you!
The killer bee stings you but does no damage. x2
The killer bee closely misses you. The killer bee barely misses you.
The killer bee stings you but does no damage. x2
Unknown command.
Unknown command.
Unknown command.
Unknown command.
Unknown command.
Unknown command.
Unknown command.
Unknown command.
You closely miss the killer bee.
The killer bee is almost dead.
You hit the killer bee but do no damage.
You hit the killer bee. You barely miss the killer bee.
You closely miss the killer bee.
* * * LOW HITPOINT WARNING * * *
You feel sick. The killer bee barely misses you. x2
The killer bee stings you but does no damage.
The killer bee barely misses you. The killer bee stings you.
* * * LOW HITPOINT WARNING * * *
You are more poisoned.
The killer bee poisons you! The killer bee completely misses you.
The killer bee stings you.
* * * LOW HITPOINT WARNING * * *
The killer bee stings you!
You die...

##### #....
#.... ##...
########## ##..
##≈≈≈§≈≈≈≈#
##..
##≈≈.!....§≈
#...
##≈≈.†y.....≈
###...
##≈§.§@y......
#.....
##≈≈).yyy......
##....
#≈≈.§..§§≈≈≈≈..
#.###
#≈....§######≈.
##..#
###≈....§# .
###.#
#.'.....≈#
#....
#.'.....§#
#..##
#.#§....≈#
##..#
#.#≈..§§≈#
##..#


You could see 5 killer bees.

Vanquished Creatures
  A troll (D:7)
  Duvessa (D:7)
  A water moccasin (D:7)
  A necrophage (D:4)
  3 ogres
  A phantom (D:6)
  A kobold brigand (D:6)
  A bullfrog (D:7)
  A scorpion (D:4)
  Dowan (D:7)
  6 wights
  A killer bee (D:7)
  2 howler monkeys (D:6)
  2 bullfrog zombies
  A lava snake (D:7)
  2 hounds
  2 jellies
  2 orc priests
  A bullfrog skeleton (D:6)
  2 centaur skeletons
  A gnoll shaman (D:5)
  An iguana (D:5)
  Ijyb (D:4)
  2 orc wizards
  A howler monkey zombie (D:6)
  Robin (D:2)
  7 gnolls
  2 adders
  A shadow imp (D:6)
  A white imp (D:5)
  2 dart slugs (D:2)
  11 orcs
  7 ball pythons
  9 bats
  5 endoplasms
  3 giant cockroaches
  13 goblins
  8 hobgoblins
  8 jackals
  3 quokkas
  3 frilled lizards (D:2)
  25 kobolds
  4 rats
152 creatures vanquished.

Vanquished Creatures (others)
  An orc priest (D:6)
  An orc wizard (D:6)
  An orc (D:6)
  10 plants (D:6)
13 creatures vanquished.

Grand Total: 165 creatures vanquished

Notes
Turn   | Place    | Note
-------+----------+-------------------------------------------
     0 | D:1      | safid the Hill Orc Fighter began the quest for the Orb.
     0 | D:1      | Reached XP level 1. HP: 19/19 MP: 1/1
   231 | D:1      | Reached XP level 2. HP: 26/27 MP: 2/2
   352 | D:1      | Reached skill level 3 in Axes
  1160 | D:2      | Reached XP level 3. HP: 33/33 MP: 3/3
  1227 | D:2      | Noticed Robin
  1263 | D:2      | Killed Robin
  1264 | D:2      | Reached XP level 4. HP: 4/40 MP: 4/4
  1582 | D:2      | Reached skill level 4 in Axes
  1807 | D:2      | Found a faded altar of an unknown god.
  2075 | D:2      | Reached skill level 5 in Axes
  2078 | D:2      | Reached XP level 5. HP: 30/46 MP: 5/5
  2763 | D:3      | Found an opulent altar of Gozag.
  3437 | D:4      | Noticed an ogre
  3448 | D:4      | Killed an ogre
  3449 | D:4      | Reached skill level 6 in Axes
  3449 | D:4      | Reached XP level 6. HP: 36/52 MP: 6/6
  3573 | D:4      | Noticed a necrophage
  3582 | D:4      | Killed a necrophage
  3583 | D:4      | Reached skill level 7 in Axes
  3588 | D:4      | Reached skill level 8 in Axes
  4260 | D:4      | Found a snail-covered altar of Cheibriados.
  4455 | D:4      | Noticed Ijyb
  4471 | D:4      | Killed Ijyb
  4472 | D:4      | Reached XP level 7. HP: 51/59 MP: 7/7
  4523 | D:4      | Found a basalt altar of Yredelemnul.
  4580 | D:5      | Entered Level 5 of the Dungeon
  4695 | D:5      | Reached skill level 9 in Axes
  4961 | D:5      | Found an ancient bone altar of Kikubaaqudgha.
  5122 | D:5      | Reached skill level 10 in Axes
  5430 | D:5      | Found an iron altar of Okawaru.
  5960 | D:6      | Found a stormy altar of Qazlal.
  5961 | D:6      | Noticed a water elemental
  5963 | D:6      | Noticed an air elemental
  5963 | D:6      | Noticed a fire elemental
  6156 | D:6      | Became a worshipper of Beogh the Brigand
  6165 | D:6      | Reached XP level 8. HP: 40/66 MP: 8/8
  6180 | D:6      | Found a staircase to the Ecumenical Temple.
  6371 | D:5      | Reached skill level 11 in Axes
  7092 | D:6      | Reached * piety under Beogh
  7104 | D:6      | Reached skill level 12 in Axes
  7864 | D:7      | Noticed a troll
  7870 | D:7      | Killed a troll
  7871 | D:7      | Reached skill level 13 in Axes
  7979 | D:7      | Upgraded the game from 0.28.0-43-g3370ac3207 to
                  | 0.28.0-45-g0d030f2227
  7994 | D:7      | Reached XP level 9. HP: 65/71 MP: 9/9
  8003 | D:7      | Reached skill level 14 in Axes
  8097 | D:7      | Noticed Dowan
  8098 | D:7      | Noticed Duvessa
  8105 | D:7      | Killed Duvessa
  8105 | D:7      | Killed Dowan
  8178 | D:7      | Found a sparkling altar of Nemelex Xobeh.
  8178 | D:7      | Found a transporter.
  8179 | D:7      | Noticed a cyclops
  8534 | D:7      | Slain by a killer bee

Illustrated notes

Levels and vault maps discovered:
D:1:      ncdulo_wetmaze, layout_loops_corners, hex_tiny, serial_bayou_crossing
D:2:      layout_basic, hellmonk_ecumenical_altar_crossroads,
          lightli_corner_chamber, uniq_robin
D:3:      layout_loops_corners, grunt_gozag_breadcrumbs, kennysheep_another_room
D:4:      layout_cave_pods, mainiacjoe_overflow_six_doors_small,
          lemuel_coloured_pillars_altar, uniq_ijyb
D:5:      layout_gridville, okawaru_gym_becter,
          mainiacjoe_overflow_concentric_impassable
D:6:      kennysheep_kobold_camp, layout_basic,
          nicolae_qazlal_style_of_elements, minmay_temple_entry_mini_moons
D:7:      layout_cave_pools, grunt_nemelex_the_gamble,
          kennysheep_big_empty_room, uniq_duvessa

Skill      XL: |  1  2  3  4  5  6  7  8  9 |
---------------+----------------------------+-----
Axes           | 3 5 6 8 10 13 14 | 14.9
Fighting       | 4 |  4.0
Armour         | 4 |  4.0
Shields        | 4 |  4.0

Action                   |  1- 3 |  4- 6 |  7- 9 || total
-------------------------+-------+-------+-------++-------
Melee: War axe           |    87 |   149 |   228 ||   464
Throw: Dart              |       |     2 |     6 ||     8
Invok: Convert to Beogh  |       |       |     1 ||     1
  Use: Scroll            |       |       |     4 ||     4
       Potion            |       |       |     4 ||     4
Armor: Scale mail        |    36 |    73 |    81 ||   190
Dodge: Dodged            |    38 |    70 |   107 ||   215
Block: Buckler           |    20 |    29 |    50 ||    99
